 Dungeon Crawl Stone Soup version 0.31.0-11-ge490571c62 (webtiles) character file.

Game seed: 3452190117219536527

37 qw the Shooter (level 3, -2/18 HPs)
             Began as a Spriggan Hunter on Feb 4, 2024.
             Slain by a gnoll
             ... wielding a +0 flail
              (5 damage)
             ... on level 2 of the Dungeon.
             The game lasted 00:00:02 (880 turns).

qw the Shooter (Spriggan Hunter)                     Turns: 880, Time: 00:00:02

Health: -2/18      AC:  2    Str:  7    XL:     3   Next: 21%
Magic:  4/4        EV: 19    Int: 10    God:
Gold:   126        SH:  0    Dex: 20    Spells: 2/2 levels left

rFire   . . .        a - +0 shortbow
rCold   . . .        (shield currently unavailable)
rNeg    . . .        c - +0 robe
rPois   .            (helmet restricted)
rElec   .            (no cloak)
rCorr   .            (gloves unavailable)
SInv    +            (boots unavailable)
Will    .....        (no amulet)
Stlth   ++           (no ring)
HPRegen 0.23/turn    (no ring)
MPRegen 0.09/turn

%: no passive effects
@: very quick
A: very small, no large weapons, unfitting armour, see invisible, speed 3
a: no special abilities


You were on level 2 of the Dungeon.
You visited 1 branch of the dungeon, and saw 2 of its levels.

You collected 126 gold pieces.


Innate Abilities, Weirdness & Mutations

You are very small and have problems with some larger weapons.
You are too small for most types of armour.
You have supernaturally acute eyesight. (SInv)
You cover ground extremely quickly. (Speed+++)


   Skills:
 - Level 1.5 Fighting
 + Level 4.5 Ranged Weapons
 - Level 4.0 Dodging
 - Level 1.5 Stealth


You had 2 spell levels left.
You didn't know any spells.
Your spell library was empty.

Inventory:

Hand Weapons
 a - a +0 shortbow (weapon)
Armour
 c - a +0 robe (worn)
Potions
 e - a potion of heal wounds {unknown}

Dungeon Overview and Level Annotations

Branches:
Dungeon (2/15)

Altars:


Message History

You kill the frilled lizard!
You see here a frilled lizard corpse.
You see here a bat corpse.
Found a stone staircase leading down. 2 gnolls come into view.
A gnoll is wielding a +0 flail and quivering 2 throwing nets.
The gnoll shouts!
You hear a shout! x2
A gnoll comes into view. It is wielding a +0 halberd.
870 ||| RETREEEEATING.
You shoot an arrow. The arrow hits the gnoll.
The gnoll is lightly wounded.
The gnoll hits you with a +0 whip.
You shoot an arrow. The arrow hits the gnoll!
You kill the gnoll!
You have reached level 3!
Your experience leads to an increase in your attributes!
Increase (S)trength, (I)ntelligence, or (D)exterity?
You feel agile. x2
You shoot an arrow. The arrow closely misses the gnoll.
The gnoll hits you with a +0 flail. The gnoll barely misses you.
You shoot an arrow. The arrow hits the gnoll.
The gnoll is moderately wounded.
The gnoll misses you.
The gnoll closely misses you. x2; The gnoll misses you.
You shoot an arrow. The arrow closely misses the gnoll.
The gnoll misses you. The gnoll closely misses you.
You shoot an arrow. The arrow barely misses the gnoll.
The gnoll closely misses you. The gnoll misses you.
You shoot an arrow. The arrow hits the gnoll.
The gnoll is heavily wounded.
The gnoll closely misses you.
The gnoll hits you from afar with a +0 halberd!
Ouch! That really hurt!
You shoot an arrow.
The arrow hits the gnoll but does no damage.
The gnoll is heavily wounded.
The gnoll completely misses you. The gnoll misses you.
You shoot an arrow. The arrow hits the gnoll.
The gnoll is heavily wounded.
The gnoll hits you with a +0 flail.
You die...

##
####.######
#..........
#@g>......
#.#g#.....
#.#.# #..
#.#g# #.#.g
#.### #.#
###.##
..... #.
#....#
###.#.#..


You could see 2 gnolls.

Vanquished Creatures
  A gnoll (D:2)
  A ball python (D:1)
  3 bats
  An endoplasm (D:2)
  3 goblins (D:1)
  3 hobgoblins
  4 jackals (D:1)
  2 kobolds (D:1)
  3 quokkas (D:1)
  2 frilled lizards (D:2)
  A rat (D:2)
24 creatures vanquished.

Notes
Turn   | Place    | Note
-------+----------+-------------------------------------------
     0 | D:1      | qw the Spriggan Hunter began the quest for the Orb.
     0 | D:1      | Reached XP level 1. HP: 10/10 MP: 2/2
     0 | D:1      | 0 ||| qw: Version: 0.3-a-160-g6735b56
     0 | D:1      | 0 ||| qw: Game counter: 4366
     0 | D:1      | 0 ||| qw: Melee chars always use a shield: true
     0 | D:1      | 0 ||| qw: God list: Okawaru
     0 | D:1      | 0 ||| qw: Allow faded altars: false
     0 | D:1      | 0 ||| qw: Do Orc after clearing Dungeon:15 true
     0 | D:1      | 0 ||| qw: Do second Lair branch before Depths: true
     0 | D:1      | 0 ||| qw: Lair rune preference: random
     0 | D:1      | 0 ||| qw: Goals: Normal
     0 | D:1      | 0 ||| PLANNING D:1-11
   108 | D:1      | Reached skill level 3 in Dodging
   327 | D:1      | Reached XP level 2. HP: 9/14 MP: 3/3
   335 | D:1      | HP: 2/14 [quokka (5)]
   776 | D:1      | 776 ||| READING scroll labelled XYUTRA QIRGHIRU.
   777 | D:1      | 777 ||| DROPPING scroll of butterflies.
   870 | D:2      | 870 ||| RETREEEEATING.
   874 | D:2      | Reached XP level 3. HP: 12/18 MP: 4/4
   878 | D:2      | HP: 2/18 [gnoll/+0 halberd (9)]
   880 | D:2      | Slain by a gnoll

Levels and vault maps discovered:
D:1:      matt_arrival_diagonals, layout_loops_ring,
          minmay_misc_feat_secret_circle
D:2:      layout_basic, uniq_robin

Skill      XL: |  1  2 |
---------------+-------+-----
Dodging        | 3 4 |  4.0
Fighting       | |  1.5
Ranged Weapons | |  4.5
Stealth        | |  1.5

Action                     || total
---------------------------++-------
   Fire: Shortbow          ||    78
    Use: Scroll            ||     1
 Armour: Robe              ||    20
  Dodge: Dodged            ||    47

Table legend:
 A = Non-vault XP
 B = Vault XP
 C = Vault XP percentage of total XP
 D = Non-vault monster count
 E = Vault monster count
 F = Vault count percentage of total count
                 A         B        C        D         E       F
            +---------+---------+-------+---------+---------+-------
      Total |      53 |       0 |   0.0 |      24 |       0 |   0.0
            +---------+---------+-------+---------+---------+-------
        D:1 |      30 |       0 |   0.0 |      17 |       0 |   0.0
        D:2 |      23 |       0 |   0.0 |       7 |       0 |   0.0
            +---------+---------+-------+---------+---------+-------
